APP
BRISTOL PIRATES @ ELIZABETHTON TWINS
07/15/2099
 
TOP OF THE 1ST
Bristol Pirates batting - Pitching for Elizabethton Twins : RHP Gabriel Herrera
Pitching: RHP Gabriel Herrera
Batting: RHB Ryan Giardina 0-0: Ball
1-0: Ball
2-0: Ball
3-0: Called Strike
3-1: Ground out 6-3 (Groundball, 6, EV 103.1 MPH)
Batting: SHB Angel Bonilla 0-0: Ball
1-0: Ball
2-0: Fly out, F8 (Flyball, 89M, EV 91.9 MPH)
Batting: RHB Mike King 0-0: SINGLE (Line Drive, 78S, EV 105.6 MPH)
Batting: LHB Jose Estrada 0-0: Ball
1-0: Ball
2-0: Called Strike
2-1: Ball
3-1: Called Strike
3-2: Strikes out swinging
Top of the 1st over - 0 runs, 1 hit, 0 errors, 1 left on base; Bristol 0 - Elizabethton 0
BOTTOM OF THE 1ST
Elizabethton Twins batting - Pitching for Bristol Pirates : LHP Juan Molinar
Pitching: LHP Juan Molinar
Batting: LHB John Reichle 0-0: Called Strike
0-1: DOUBLE (Line Drive, 89D, EV 111.3 MPH)
Batting: RHB Mike Connolly 0-0: Ball
1-0: Ball
2-0: SINGLE (Line Drive, 4MD, EV 96.3 MPH)
John Reichle to third
Runner from 3rd tries for Home, SAFE, throw by CF to home
Batting: RHB Ivan Perez 0-0: Swinging Strike
0-1: Foul Ball, location: 23F
0-2: Ball
1-2: Ball
2-2: Fielders Choice at 2nd, 4-6 (Groundball, 4D, EV 95.6 MPH)
Batting: RHB Chris Crum 0-0: Ball
1-0: Foul Ball, location: 2F
1-1: Ball
2-1: Ball
3-1: Base on Balls
Ivan Perez to second
Batting: RHB Mike Trudelle 0-0: Ball
1-0: Called Strike
1-1: DOUBLE (Line Drive, 78M, EV 98.8 MPH)
Ivan Perez scores
Chris Crum to third
Runner from 3rd tries for Home, SAFE, throw by LF to home
Batting: LHB Juan Rivera 0-0: Ball
1-0: Swinging Strike
1-1: Ball
2-1: Foul Ball, location: 3F
2-2: Foul Ball, location: 2F
2-2: Foul Ball, location: 2F
2-2: Ground out 4-3 (Groundball, 4M, EV 83.1 MPH)
Mike Trudelle to third
Batting: RHB Elijah Lockhart 0-0: Ball
1-0: Ball
2-0: Called Strike
2-1: Foul Ball, location: 3FF
2-2: Foul Ball, location: 9LMF
2-2: Foul Ball, location: 2F
2-2: Strikes out swinging
Bottom of the 1st over - 3 runs, 3 hits, 0 errors, 1 left on base; Bristol 0 - Elizabethton 3
TOP OF THE 2ND
Bristol Pirates batting - Pitching for Elizabethton Twins : RHP Gabriel Herrera
Batting: RHB Jon Neal 0-0: Swinging Strike
0-1: Called Strike
0-2: Foul Ball, location: 3F
0-2: Fly out, F8 (Flyball, 8RXD, EV 110.0 MPH)
Batting: LHB Chris Ricketts 0-0: Called Strike
0-1: Ball
1-1: Swinging Strike
1-2: Ball
2-2: Strikes out swinging
Batting: SHB Jonathan Dumas 0-0: Called Strike
0-1: Swinging Strike
0-2: Ball
1-2: Ball
2-2: Strikes out swinging
Top of the 2nd over - 0 runs, 0 hits, 0 errors, 0 left on base; Bristol 0 - Elizabethton 3
BOTTOM OF THE 2ND
Elizabethton Twins batting - Pitching for Bristol Pirates : LHP Juan Molinar
Batting: RHB Mike Lyons 0-0: Foul Ball, location: 7LMF
0-1: Swinging Strike
0-2: Ball
1-2: Strikes out swinging
Batting: RHB Jose Saucedo 0-0: Ball
1-0: Called Strike
1-1: Ground out 4-3 (Groundball, 4S, EV 81.3 MPH)
Batting: LHB John Reichle 0-0: Ball
1-0: Called Strike
1-1: Called Strike
1-2: Foul Ball, location: 2F
1-2: Foul Ball, location: 3F
1-2: TRIPLE (Line Drive, 9D, EV 103.8 MPH)
Batting: RHB Mike Connolly 0-0: Hit by Pitch
Batting: RHB Ivan Perez 0-0: Called Strike
0-1: Ball
1-1: Ball
2-1: Ball
3-1: Base on Balls
Mike Connolly to second
Batting: RHB Chris Crum 0-0: Ball
1-0: Called Strike
1-1: Ball
2-1: SINGLE (Groundball, 4D, EV 107.5 MPH)
John Reichle scores
Mike Connolly to third
Ivan Perez to second
Runner from 3rd tries for Home, SAFE, throw by CF to home
Pitching: LHP Oscar Moncivais
Batting: RHB Mike Trudelle 0-0: Called Strike
0-1: Hit by Pitch
Ivan Perez to third
Chris Crum to second
Batting: LHB Juan Rivera 0-0: Called Strike
0-1: Swinging Strike
0-2: Strikes out swinging
Bottom of the 2nd over - 2 runs, 2 hits, 0 errors, 3 left on base; Bristol 0 - Elizabethton 5
TOP OF THE 3RD
Bristol Pirates batting - Pitching for Elizabethton Twins : RHP Gabriel Herrera
Batting: RHB Edgar Ruiz 0-0: Ball
1-0: Ball
2-0: Ball
3-0: Called Strike
3-1: Foul Ball, location: 2F
3-2: Base on Balls
Batting: LHB Andy Passero 0-0: Called Strike
0-1: Fly out, F8 (Flyball, 8LD, EV 90.6 MPH)
Batting: RHB Ryan Giardina 0-0: Called Strike
0-1: Swinging Strike
0-2: Ball
1-2: Ball
2-2: Strikes out swinging
Batting: SHB Angel Bonilla 0-0: Ball
1-0: Fly out, F8 (Flyball, 8RS, EV 84.4 MPH)
Top of the 3rd over - 0 runs, 0 hits, 0 errors, 1 left on base; Bristol 0 - Elizabethton 5
BOTTOM OF THE 3RD
Elizabethton Twins batting - Pitching for Bristol Pirates : LHP Oscar Moncivais
Batting: RHB Elijah Lockhart 0-0: Ball
1-0: Ball
2-0: Ball
3-0: Base on Balls
Batting: RHB Mike Lyons 0-0: Ball
1-0: Foul Ball, location: 9LSF
1-1: Ball
2-1: Ball
3-1: Base on Balls
Elijah Lockhart to second
Batting: RHB Jose Saucedo 0-0: Ball
1-0: Fielders Choice at 2nd, 6-4 (Groundball, 6, EV 85.6 MPH)
Elijah Lockhart to third
Batting: LHB John Reichle 0-0: Called Strike
0-1: Swinging Strike
0-2: Ball
1-2: Foul Ball, location: 7LDF
1-2: Ball
2-2: Strikes out swinging
Batting: RHB Mike Connolly 0-0: Called Strike
0-1: Foul Ball, location: 2F
0-2: Foul Ball, location: 5F
0-2: Fly out, F7 (Flyball, 7, EV 89.4 MPH)
Bottom of the 3rd over - 0 runs, 0 hits, 0 errors, 2 left on base; Bristol 0 - Elizabethton 5
TOP OF THE 4TH
Bristol Pirates batting - Pitching for Elizabethton Twins : RHP Gabriel Herrera
Batting: RHB Mike King 0-0: SINGLE (Flyball, 8LS, EV 96.3 MPH)
Batting: LHB Jose Estrada 0-0: Ball
1-0: Ball
2-0: Grounds into double play, 4-6-3 (Groundball, 4, EV 85.0 MPH)
Batting: RHB Jon Neal 0-0: Foul Ball, location: 3F
0-1: Ball
1-1: Foul Ball, location: 25F
1-2: Strikes out swinging
Top of the 4th over - 0 runs, 1 hit, 0 errors, 0 left on base; Bristol 0 - Elizabethton 5
BOTTOM OF THE 4TH
Elizabethton Twins batting - Pitching for Bristol Pirates : LHP Oscar Moncivais
Batting: RHB Ivan Perez 0-0: Ball
1-0: SINGLE (Groundball, 4MD, EV 101.9 MPH)
Batting: RHB Chris Crum 0-0: Ball
1-0: Swinging Strike
1-1: Ball
2-1: Ball
3-1: Foul Ball, location: 3F
3-2: Base on Balls
Ivan Perez to second
Batting: RHB Mike Trudelle 0-0: Called Strike
0-1: Foul Ball, location: 3F
0-2: Fly out, F4 (Line Drive, 4, EV 65.0 MPH)
Lined into DP, 4-6 (Line Drive, 4, EV 65.0 MPH)
Pitching: RHP Hidenobu Matsuzaki
Batting: LHB Juan Rivera 0-0: Called Strike
0-1: Foul Ball, location: 7LSF
0-2: Strikes out swinging
Bottom of the 4th over - 0 runs, 1 hit, 0 errors, 1 left on base; Bristol 0 - Elizabethton 5
TOP OF THE 5TH
Bristol Pirates batting - Pitching for Elizabethton Twins : RHP Gabriel Herrera
Pitching: RHP Guonçale Charrua
Batting: LHB Chris Ricketts 0-0: Called Strike
0-1: Foul Ball, location: 2F
0-2: Strikes out swinging
Batting: SHB Jonathan Dumas 0-0: Foul Ball, location: 7LMF
0-1: Foul Ball, location: 7LDF
0-2: Ground out 6-3 (Groundball, 6, EV 90.0 MPH)
Batting: RHB Edgar Ruiz 0-0: Called Strike
0-1: Ball
1-1: Ball
2-1: Foul Ball, location: 7LDF
2-2: Strikes out swinging
Top of the 5th over - 0 runs, 0 hits, 0 errors, 0 left on base; Bristol 0 - Elizabethton 5
BOTTOM OF THE 5TH
Elizabethton Twins batting - Pitching for Bristol Pirates : RHP Hidenobu Matsuzaki
Batting: RHB Elijah Lockhart 0-0: Ball
1-0: Ball
2-0: Called Strike
2-1: Called Strike
2-2: Strikes out looking
Batting: RHB Mike Lyons 0-0: Called Strike
0-1: Foul Ball, location: 2F
0-2: Strikes out looking
Batting: RHB Jose Saucedo 0-0: Called Strike
0-1: Ball
1-1: Swinging Strike
1-2: Strikes out swinging
Bottom of the 5th over - 0 runs, 0 hits, 0 errors, 0 left on base; Bristol 0 - Elizabethton 5
TOP OF THE 6TH
Bristol Pirates batting - Pitching for Elizabethton Twins : RHP Guonçale Charrua
Batting: LHB Andy Passero 0-0: Ball
1-0: Ball
2-0: Ground out 4-3 (Groundball, 4, EV 85.0 MPH)
Pinch Hitting: RHB Mike Diaz 0-0: Called Strike
0-1: Ball
1-1: Called Strike
1-2: SINGLE (Groundball, 34S, EV 68.1 MPH) (infield hit)
Batting: SHB Angel Bonilla 0-0: Called Strike
Mike Diaz is caught stealing 2nd base 2-6
0-1: Ball
1-1: Ball
2-1: Called Strike
2-2: Ground out 6-3 (Groundball, 56, EV 100.6 MPH)
Top of the 6th over - 0 runs, 1 hit, 0 errors, 0 left on base; Bristol 0 - Elizabethton 5
BOTTOM OF THE 6TH
Elizabethton Twins batting - Pitching for Bristol Pirates : RHP Hidenobu Matsuzaki
Now in LF: Mike Diaz
Now in CF: Mike King
Batting: LHB John Reichle 0-0: SINGLE (Groundball, 15, EV 70.6 MPH) (infield hit)
Batting: RHB Mike Connolly 0-0: Ball
John Reichle steals 2nd base
1-0: Called Strike
1-1: Ball
2-1: Foul Ball, location: 2F
2-2: Foul Ball, location: 3SF
2-2: Ball
3-2: Foul Ball, location: 9LDF
3-2: Foul Ball, location: 7LDF
3-2: Strikes out looking
Batting: RHB Ivan Perez 0-0: Ball
1-0: SINGLE (Line Drive, 56D, EV 97.5 MPH)
John Reichle to third
Runner from 3rd tries for Home, SAFE, throw by LF to home
Batting: RHB Chris Crum 0-0: Ball
1-0: SINGLE (Line Drive, 9S, EV 107.5 MPH)
Ivan Perez to second
Batting: RHB Mike Trudelle 0-0: Foul Ball, location: 2F
0-1: Called Strike
0-2: Strikes out looking
Batting: LHB Juan Rivera 0-0: Ball
1-0: Foul Ball, location: 5FF
1-1: Ball
2-1: Ground out 1-3 (Groundball, 13S, EV 70.0 MPH)
Bottom of the 6th over - 1 run, 3 hits, 0 errors, 2 left on base; Bristol 0 - Elizabethton 6
TOP OF THE 7TH
Bristol Pirates batting - Pitching for Elizabethton Twins : RHP Guonçale Charrua
Batting: RHB Mike King 0-0: Ball
1-0: Foul Ball, location: 5DF
1-1: Ball
2-1: Swinging Strike
2-2: Fly out, F9 (Flyball, 9, EV 91.9 MPH)
Batting: LHB Jose Estrada 0-0: Called Strike
0-1: Called Strike
0-2: Ball
1-2: Ball
2-2: Ground out 2-3 (Groundball, 2R, EV 66.9 MPH)
Batting: RHB Randy Gabler 0-0: Ground out 6-3 (Groundball, 6, EV 83.8 MPH)
Top of the 7th over - 0 runs, 0 hits, 0 errors, 0 left on base; Bristol 0 - Elizabethton 6
BOTTOM OF THE 7TH
Elizabethton Twins batting - Pitching for Bristol Pirates : RHP Hidenobu Matsuzaki
Pitching: RHP Ismael Trejo
Batting: RHB Elijah Lockhart 0-0: Ball
1-0: Foul Ball, location: 2F
1-1: SOLO HOME RUN (Flyball, 78XD, EV 97.5 MPH), Distance : 399 ft
Batting: RHB Mike Lyons 0-0: Ball
1-0: Ball
2-0: Swinging Strike
2-1: Ball
3-1: Base on Balls
Batting: RHB Jose Saucedo 0-0: Ball
1-0: 2-RUN HOME RUN (Flyball, 78XD, EV 111.3 MPH), Distance : 426 ft
Batting: LHB John Reichle 0-0: Ball
1-0: Called Strike
1-1: Ball
2-1: TRIPLE (Flyball, 78XD, EV 104.4 MPH)
Batting: RHB Mike Connolly 0-0: Ball
1-0: Ball
2-0: Foul Ball, location: 9LMF
2-1: Ball
3-1: Foul Ball, location: 2F
3-2: Base on Balls
Batting: RHB Ivan Perez 0-0: Foul Ball, location: 2F
0-1: Fly out, F6 (Line Drive, 6, EV 72.5 MPH)
Batting: RHB Chris Crum 0-0: Foul Ball, location: 9LSF
0-1: Ball
1-1: DOUBLE (Line Drive, 7LD, EV 102.5 MPH)
John Reichle scores
Mike Connolly to third
Runner from 3rd tries for Home, SAFE, no throw by LF
Pitching: LHP Juan Benavides
Batting: RHB Mike Trudelle 0-0: 2-RUN HOME RUN (Line Drive, 9D, EV 106.3 MPH), Distance : 382 ft
Batting: LHB Juan Rivera 0-0: Ball
1-0: Foul Ball, location: 25F
1-1: Swinging Strike
1-2: Foul Ball, location: 2LF
1-2: Ball
2-2: SINGLE (Line Drive, 8LS, EV 98.8 MPH)
Batting: RHB Elijah Lockhart 0-0: Called Strike
0-1: Swinging Strike
0-2: Ball
1-2: Strikes out swinging
Batting: RHB Mike Lyons 0-0: Called Strike
0-1: Ball
1-1: Foul Ball, location: 23F
1-2: DOUBLE (Flyball, 78D, EV 105.0 MPH)
Juan Rivera to third
Batting: RHB Jose Saucedo 0-0: Called Strike
0-1: Ground out 6-3 (Groundball, 56, EV 91.9 MPH)
Bottom of the 7th over - 7 runs, 7 hits, 0 errors, 2 left on base; Bristol 0 - Elizabethton 13
TOP OF THE 8TH
Bristol Pirates batting - Pitching for Elizabethton Twins : RHP Guonçale Charrua
Pitching: RHP Pedro Chavez
Pinch Hitting: LHB John Friedman 0-0: Called Strike
0-1: Ball
1-1: Ball
2-1: Foul Ball, location: 2F
2-2: Ground out 4-3 (Groundball, 4, EV 84.4 MPH)
Pinch Hitting: RHB Andres Morales 0-0: Ball
1-0: Foul Ball, location: 5DF
1-1: Ball
2-1: Foul Ball, location: 25F
2-2: Foul Ball, location: 2F
2-2: Foul Ball, location: 9LDF
2-2: Ball
3-2: Base on Balls
Pinch Hitting: SHB Eddie Moore 0-0: Ball
1-0: Ball
2-0: Called Strike
2-1: Foul Ball, location: 2F
2-2: Strikes out swinging
Batting: LHB Andy Passero 0-0: Fly out, F8 (Flyball, 8RD, EV 89.4 MPH)
Top of the 8th over - 0 runs, 0 hits, 0 errors, 1 left on base; Bristol 0 - Elizabethton 13
BOTTOM OF THE 8TH
Elizabethton Twins batting - Pitching for Bristol Pirates : LHP Juan Benavides
Now at 2B: Andres Morales
Now at 3B: Brent Cremeen
Now at SS: David Foster
Batting: LHB John Reichle 0-0: Swinging Strike
0-1: Ground out 6-3 (Groundball, 6, EV 104.4 MPH)
Batting: RHB Mike Connolly 0-0: Swinging Strike
0-1: SOLO HOME RUN (Line Drive, 9D, EV 99.4 MPH), Distance : 383 ft
Batting: RHB Ivan Perez 0-0: Foul Ball, location: 2F
0-1: SINGLE (Line Drive, 9LS, EV 90.0 MPH)
Pitching: LHP Juan Banuelos
Batting: RHB Chris Crum 0-0: Ball
1-0: Called Strike
1-1: Swinging Strike
1-2: Foul Ball, location: 23F
1-2: Foul Ball, location: 9LDF
1-2: Fly out, F7 (Flyball, 7S, EV 93.1 MPH)
Batting: RHB Mike Trudelle 0-0: Ball
1-0: Ball
2-0: Ball
3-0: Called Strike
3-1: Base on Balls
Ivan Perez to second
Batting: LHB Juan Rivera 0-0: Called Strike
0-1: Foul Ball, location: 9LMF
0-2: Fly out, F8 (Line Drive, 8RM, EV 97.5 MPH)
Bottom of the 8th over - 1 run, 2 hits, 0 errors, 2 left on base; Bristol 0 - Elizabethton 14
TOP OF THE 9TH
Bristol Pirates batting - Pitching for Elizabethton Twins : RHP Pedro Chavez
Pinch Hitting: RHB Elijah Barrow 0-0: Ball
1-0: DOUBLE (Line Drive, 78D, EV 109.4 MPH)
Pinch Hitting: RHB Alex Villarreal 0-0: Ball
1-0: Ball
2-0: Called Strike
2-1: Called Strike
2-2: Foul Ball, location: 7LMF
2-2: Strikes out swinging
Batting: RHB Mike King 0-0: Ball
1-0: Swinging Strike
1-1: Ground out 6-3 (Groundball, 56, EV 85.6 MPH)
Pinch Hitting: RHB Corey Brickey 0-0: Ball
1-0: Foul Ball, location: 2F
1-1: Ball
2-1: Fly out, F4 (Popup, 4M, EV 62.5 MPH)
Top of the 9th over - 0 runs, 1 hit, 0 errors, 1 left on base; Bristol 0 - Elizabethton 14
Saturday, May 11th , 2024 - OOTP Baseball 24.11 Build 85